 Dungeon Crawl Stone Soup version 0.22.0-38-g04b72b8 (webtiles) character file.

4321 harcile the Cleaver (level 10, -1/86 HPs)
             Began as a Hill Orc Berserker on Aug 29, 2018.
             Was an Elder of Trog.
             Slain by Erica
             ... wielding a +1 scimitar of flaming
              (2 damage)
             ... on level 8 of the Dungeon.
             The game lasted 00:15:03 (6433 turns).

harcile the Cleaver (Hill Orc Berserker)            Turns: 6433, Time: 00:15:04

Health: -1/86      AC:  7    Str: 24    XL:     10   Next: 33%
Magic:  10/10      EV: 11    Int:  7    God:    Trog [****..]
Gold:   353        SH:  0    Dex: 10    Spells: 9/9 levels left

rFire    + . .     SeeInvis .   a - +0 hand axe
rCold    . . .     Gourm    .   q - +0 shield
rNeg     . . .     Faith    .   E - +2 leather armour {rF+}
rPois    .         Spirit   .   (no helmet)
rElec    .         Reflect  +   M - +0 cloak
rCorr    .         Harm     .   (no gloves)
MR       .....                  (no boots)
Stlth    +.........             r - +4 amulet of reflection
HPRegen  0.24/turn              b - +3 ring of slaying
MPRegen  0.12/turn              (no ring)

@: confused, berserk cooldown, hasted and slowed
A: no striking features
a: Berserk, Trog's Hand, Brothers in Arms, Renounce Religion


You were on level 8 of the Dungeon.
You worshipped Trog.
Trog was greatly pleased with you.
You were hungry.

You visited 1 branch of the dungeon, and saw 8 of its levels.

You collected 353 gold pieces.

Inventory:

Hand Weapons
 a - a +0 hand axe (weapon)
 L - a +4 quarterstaff of chaos
Armour
 l - a +0 ring mail
 q - a +0 shield (worn)
 E - a +2 leather armour of fire resistance (worn)
 M - a +0 cloak (worn)
 O - a +0 chain mail
Jewellery
 b - a +3 ring of slaying (left hand)
 r - a +4 amulet of reflection (around neck)
 y - an uncursed ring of magical power
 z - an uncursed amulet of rage {unknown}
Wands
 A - a wand of flame (32)
 G - a wand of scattershot (5)
 J - a wand of random effects (65)
 N - a wand of iceblast (5)
Scrolls
 d - 2 scrolls of remove curse
 e - 3 scrolls of enchant weapon {unknown}
 h - 2 scrolls of fear {unknown}
 i - 3 scrolls of immolation {unknown}
 k - 8 scrolls of identify {unknown}
 p - 3 scrolls of teleportation {unknown}
 s - 2 scrolls of amnesia {unknown}
 t - a scroll of noise {unknown}
 u - a scroll of random uselessness {unknown}
 v - a scroll of magic mapping {unknown}
 C - 2 scrolls of fog {unknown}
Potions
 f - 4 potions of curing
 g - a potion of berserk rage {unknown}
 j - a potion of mutation {unknown}
 m - 2 potions of haste
 n - 2 potions of ambrosia
 o - a potion of lignification {unknown}
 w - a potion of flight {unknown}
 x - 3 potions of brilliance {unknown}
 B - 3 potions of heal wounds {unknown}
 D - a potion of degeneration {unknown}
 F - a potion of cancellation {unknown}
 H - a potion of resistance {unknown}
 K - a potion of invisibility {unknown}
Comestibles
 c - 17 rations
 I - 2 chunks of flesh


   Skills:
 + Level 7.4 Fighting
 + Level 12.5 Axes
 + Level 6.0 Armour
 + Level 4.3 Dodging
 + Level 1.1 Stealth
 + Level 7.3 Shields


You had 9 spell levels left.
You didn't know any spells.
Your spell library was empty.

Dungeon Overview and Level Annotations

Branches:
Dungeon (8/15)             Temple (0/1) D:5
   Lair: D:8-11

Altars:
Ashenzari
Dithmenos
Fedhas
Okawaru
Trog
Uskayaw
Yredelemnul

Shops:
D:4 }   D:6 *

Annotations:
D:8 Erica


Message History

You miss something.
You hear some strange, mumbled words.
A bolt of poison appears from out of thin air!
The bolt of poison hits you!
You are poisoned.
* * * LOW HITPOINT WARNING * * *
You feel better. Something hits you.
* * * LOW HITPOINT WARNING * * *
Something burns you.
* * * LOW HITPOINT WARNING * * *
It was a potion of haste.
You feel yourself speed up. Something hits you but does no damage.
You hear some strange, mumbled words.
Something tries to affect you, but you resist.
It was a potion of ambrosia.
You are confused.
You feel invigorated. Something hits you!
* * * LOW HITPOINT WARNING * * *
Something burns you.
You die...

........#.....# #.....#
......(.+.#.#.# #.....#
##.######.._..######.....#
.### ..####.#.....########
.# .......'.....# .#
.......#.....# .#
.......#.....# .#
#+###..#.....###### ##
#####..@.......
#.{........ #..........
#.......... #..........
###########


There were no monsters in sight!

Vanquished Creatures
  Harold (D:8)
  A two-headed ogre (D:8)
  Pikel (D:6)
  Grinder (D:6)
  A hippogriff (D:7)
  A wyvern (D:8)
  Eustachio (D:6)
  A human (D:8)
  Menkaure (D:7)
  A phantom (D:8)
  An ogre (D:4)
  2 centaurs
  A bullfrog (D:8)
  A scorpion (D:8)
  A howler monkey (D:8)
  A crimson imp (D:8)
  6 hounds
  4 orc priests
  A jelly (D:5)
  10 orc wizards
  Crazy Yiuf (D:7)
  2 iguanas
  A bullfrog skeleton (D:8)
  4 worker ants
  3 hound zombies
  A hound skeleton (D:5)
  A worker ant zombie (D:6)
  9 adders
  A shadow imp (D:5)
  3 oozes
  2 adder skeletons
  2 adder zombies
  5 worms
  A dart slug (D:2)
  19 orcs
  A ball python (D:5)
  3 giant cockroaches
  5 goblins
  9 hobgoblins
  6 jackals
  2 quokkas
  4 bats
  5 frilled lizards
  A jackal skeleton (D:5)
  5 kobolds
  7 rats
141 creatures vanquished.

Vanquished Creatures (others)
  Blork the orc (D:6)
  An orc (D:3)
2 creatures vanquished.

Grand Total: 143 creatures vanquished

Notes
Turn   | Place    | Note
-------+----------+-------------------------------------------
     0 | D:1      | harcile the Hill Orc Berserker began the quest for the Orb.
     0 | D:1      | Reached XP level 1. HP: 19/19 MP: 1/1
   647 | D:1      | Reached XP level 2. HP: 19/27 MP: 2/2
   989 | D:2      | Reached XP level 3. HP: 27/34 MP: 3/3
  1145 | D:2      | Reached ** piety under Trog
  1384 | D:2      | Reached skill level 5 in Axes
  1432 | D:2      | Reached XP level 4. HP: 37/41 MP: 4/4
  2085 | D:3      | Noticed a centaur
  2094 | D:3      | Killed a centaur
  2094 | D:3      | Reached skill level 1 in Shields
  2094 | D:3      | Reached XP level 5. HP: 47/47 MP: 5/5
  2192 | D:3      | Found a blossoming altar of Fedhas.
  2192 | D:3      | Found a shadowy altar of Dithmenos.
  2611 | D:4      | Found a transporter.
  2651 | D:4      | Found a transporter.
  2675 | D:4      | Reached skill level 6 in Axes
  2675 | D:4      | Reached XP level 6. HP: 51/55 MP: 6/6
  2795 | D:4      | Found Poerof's Gadget Shoppe.
  2814 | D:4      | Reached skill level 5 in Fighting
  3235 | D:5      | Entered Level 5 of the Dungeon
  3455 | D:5      | Reached XP level 7. HP: 61/61 MP: 7/7
  3565 | D:5      | Reached skill level 7 in Axes
  3784 | D:5      | Reached *** piety under Trog
  3868 | D:5      | Found a staircase to the Ecumenical Temple.
  4050 | D:6      | Noticed Grinder
  4058 | D:6      | Killed Grinder
  4058 | D:6      | Reached skill level 8 in Axes
  4058 | D:6      | Reached XP level 8. HP: 70/70 MP: 8/8
  4117 | D:6      | Noticed Eustachio
  4130 | D:6      | Killed Eustachio
  4130 | D:6      | Reached skill level 9 in Axes
  4269 | D:6      | You fall through a shaft for 2 floors!
  4283 | D:8      | Found a shattered altar of Ashenzari.
  4283 | D:8      | Noticed a two-headed ogre
  4295 | D:8      | Killed a two-headed ogre
  4295 | D:8      | Reached skill level 10 in Axes
  4295 | D:8      | Reached skill level 5 in Armour
  4295 | D:8      | Reached XP level 9. HP: 78/78 MP: 9/9
  4482 | D:6      | Reached skill level 5 in Shields
  4598 | D:6      | Found a basalt altar of Yredelemnul.
  4601 | D:6      | Found a hide-covered altar of Uskayaw.
  4603 | D:6      | Found a bloodstained altar of Trog.
  4647 | D:6      | Noticed Pikel
  4647 | D:6      | Noticed Blork the orc
  4674 | D:6      | Killed Pikel
  4674 | D:6      | Reached skill level 11 in Axes
  4679 | D:6      | Killed Blork the orc
  4687 | D:6      | Found Nuebauh's Assorted Antiques.
  5029 | D:7      | Found an iron altar of Okawaru.
  5037 | D:7      | Reached skill level 1 in Stealth
  5087 | D:7      | Noticed Menkaure
  5092 | D:7      | Killed Menkaure
  5536 | D:7      | Found a runed door.
  5693 | D:7      | Noticed Crazy Yiuf
  5697 | D:7      | Killed Crazy Yiuf
  6032 | D:8      | Reached XP level 10. HP: 65/86 MP: 10/10
  6103 | D:8      | Reached **** piety under Trog
  6103 | D:8      | Reached skill level 12 in Axes
  6301 | D:8      | Noticed Harold
  6315 | D:8      | Killed Harold
  6408 | D:8      | Noticed Erica
  6430 | D:8      | HP: 4/86 [something/bolt of poison (22)]
  6433 | D:8      | HP: 1/86 [something (8)]
  6433 | D:8      | Slain by Erica

Skill      XL: |  1  2  3  4  5  6  7  8  9 10 |
---------------+-------------------------------+-----
Fighting       | 4 5 6 7 |  7.4
Axes           | 5 6 8 10 11 12 | 12.5
Armour         | 3 4 5 6 |  6.0
Shields        | 1 2 3 4 6 7 |  7.3
Dodging        | 2 3 4 |  4.3
Stealth        | 1 |  1.1

Action                   |  1- 3 |  4- 6 |  7- 9 | 10-12 || total
-------------------------+-------+-------+-------+-------++-------
Melee: Hand axe          |    85 |   127 |   250 |    64 ||   526
Invok: Berserk           |       |     3 |     8 |     2 ||    13
  Use: Scroll            |       |       |     1 |       ||     1
       Potion            |       |       |       |     4 ||     4
  Eat: Chunk             |     2 |     8 |    14 |     2 ||    26
       Ration            |       |       |     1 |       ||     1
Armor: Animal skin       |     1 |       |       |       ||     1
       Ring mail         |    16 |    23 |    14 |       ||    53
       Leather armour    |       |       |    20 |     3 ||    23
Dodge: Dodged            |    27 |    29 |    46 |     7 ||   109
Block: Shield            |    11 |    79 |   122 |    24 ||   236
       Reflection        |       |     6 |     1 |     1 ||     8
